 Dungeon Crawl Stone Soup version 0.28.0 (webtiles) character file.

Game seed: 17319314542986993341

179 bande the Shield-Bearer (level 5, -1/33 HPs)
             Began as a Gargoyle Fighter on Feb 15, 2022.
             Slain by Terence (6 damage)
             ... on level 3 of the Dungeon.
             The game lasted 00:03:50 (2275 turns).

bande the Shield-Bearer (Gargoyle Fighter)          Turns: 2275, Time: 00:03:51

Health: -1/33      AC: 15    Str: 19    XL:     5   Next: 59%
Magic:  5/5        EV:  5    Int:  9    God:
Gold:   21         SH:  4    Dex: 11    Spells: 4/4 levels left

rFire   . . .      SeeInvis .   a - +0 war axe
rCold   . . .      Faith    .   c - +0 buckler
rNeg    + . .      Spirit   .   g - +0 plate armour
rPois   ∞          Reflect  .   (no helmet)
rElec   +          Harm     .   (no cloak)
rCorr   .          Rampage  .   (no gloves)
Will    .....                   (no boots)
Stlth   ..........              (no amulet)
HPRegen 0.11/turn               (no ring)
MPRegen 0.09/turn               (no ring)

@: no status effects
A: sickness immunity, AC +4, negative energy resistance 1, electricity
resistance, torment resistance 1, petrification resistance
a: no special abilities


You were on level 3 of the Dungeon.
You visited 1 branch of the dungeon, and saw 3 of its levels.

You collected 21 gold pieces.

Inventory:

Hand Weapons
 a - a +0 war axe (weapon)
Missiles
 e - 2 throwing nets (quivered)
Armour
 c - a +0 buckler (worn)
 g - a +0 plate armour (worn)
Potions
 b - a potion of ambrosia {unknown}
 d - a potion of might


   Skills:
 + Level 3.8 Fighting
 + Level 3.6 Axes
 + Level 4.2 Armour
 + Level 4.2 Shields


You had 4 spell levels left.
You didn't know any spells.
Your spell library contained the following spells:

 Spells                   Type           Power      Damage    Failure   Level
 Call Canine Familiar     Summ           0%         N/A       100%        3
 Portal Projectile        Hex/Tloc       0%         N/A       100%        3
 Leda's Liquefaction      Hex/Erth       0%         N/A       100%        4


Dungeon Overview and Level Annotations

Branches:
Dungeon (2/15)

Altars:

Shops:
D:1 (   D:3 =

Annotations:
D:2 1 runed translucent door, Crazy Yiuf
D:3 Terence


Innate Abilities, Weirdness & Mutations

You are immune to sickness and miasma.
Your stone body is resilient. (AC +4)
You are immune to poison.
You resist negative energy. (rN+)
You are resistant to electric shocks. (rElec)
You are resistant to unholy torment.
You are immune to petrification.


Message History

Terence hits you but does no damage.
You barely miss Terence.
Terence is moderately wounded.
Terence hits you but does no damage. Terence barely misses you.
You completely miss Terence.
Terence is moderately wounded.
Terence hits you with a +4 hand axe of freezing.
Terence freezes you.
You hit Terence but do no damage.
Terence is moderately wounded.
Terence hits you but does no damage.
You slash Terence!
Terence is almost dead.
Terence hits you but does no damage. x2
You barely miss Terence.
Terence is almost dead.
You block Terence's attack.
You hit Terence but do no damage.
Terence is almost dead.
Terence hits you with a +4 hand axe of freezing!
Terence freezes you.
You are too injured to fight recklessly!
You are too injured to fight recklessly!
You are too injured to fight recklessly!
You are too injured to fight recklessly!
You are too injured to fight recklessly!
You are too injured to fight recklessly!
You are too injured to fight recklessly!
You are too injured to fight recklessly!
You are too injured to fight recklessly!
You are too injured to fight recklessly!
Terence hits you with a +4 hand axe of freezing!
* * * LOW HITPOINT WARNING * * *
Terence freezes you.
* * * LOW HITPOINT WARNING * * *
You closely miss Terence.
Terence is almost dead.
You block Terence's attack.
Terence hits you with a +4 hand axe of freezing.
You die...

### ..# #.# #.#
#.# #####@#
#....@# #.#####
###+#.# #.....#
########.....#
...........>.###
....)............
....####....#####
..#.# ######


You could see Terence.

Vanquished Creatures
  A water moccasin zombie (D:3)
  A hound zombie (D:3)
  4 gnolls (D:3)
  An adder skeleton (D:3)
  2 adder zombies (D:3)
  A worm (D:3)
  A dart slug (D:1)
  4 bats (D:1)
  5 endoplasms
  2 giant cockroaches (D:1)
  6 hobgoblins (D:1)
  3 jackals (D:3)
  2 quokkas
  3 ball pythons
  A ball python zombie (D:3)
  3 frilled lizards (D:3)
  4 goblins
  A jackal zombie (D:3)
  4 kobolds
  2 rats
51 creatures vanquished.

Vanquished Creatures (others)
  2 withered plants (D:3)
2 creatures vanquished.

Grand Total: 53 creatures vanquished

Notes
Turn   | Place    | Note
-------+----------+-------------------------------------------
     0 | D:1      | bande the Gargoyle Fighter began the quest for the Orb.
     0 | D:1      | Reached XP level 1. HP: 14/14 MP: 1/1
   100 | D:1      | Reached XP level 2. HP: 19/19 MP: 2/2
   487 | D:1      | Found Qipel's Weapon Emporium.
   742 | D:1      | Reached XP level 3. HP: 22/23 MP: 3/3
  1404 | D:1      | Found a faded altar of an unknown god.
  1530 | D:2      | Found a runed translucent door.
  1531 | D:2      | Noticed Crazy Yiuf
  1560 | D:2      | You fall into a shaft and drop 1 floor!
  1560 | D:3      | Found Pukk's Jewellery Shoppe.
  1671 | D:3      | Reached XP level 4. HP: 16/28 MP: 4/4
  1868 | D:3      | Reached XP level 5. HP: 19/33 MP: 5/5
  2265 | D:3      | Noticed Terence
  2275 | D:3      | Slain by Terence

Illustrated notes

Levels and vault maps discovered:
D:1:      heliophobic_arrival_enchanted_forest, layout_loops_corners,
          dreamdust_ecumenical_altar_angels_and_demons, serial_shops,
          nicolae_shop_bloodbath_and_beyond
D:2:      layout_loops_corners, st_stairs_7, uniq_crazy_yiuf_cottage
D:3:      layout_basic, minitemple, serial_shops, nicolae_shop_window_shopping,
          gup_sewer_entry_bowl, serial_undead, serial_undead_f, serial_undead_b,
          serial_undead_c, serial_undead_d, serial_undead_e, serial_undead_d,
          uniq_terence, uniq_ijyb

Skill      XL: |  1  2  3  4 |
---------------+-------------+-----
Axes           | 2 3 |  3.6
Shields        | 4 |  4.2
Armour         | 4 |  4.2
Fighting       | |  3.8

Action                   |  1- 3 |  4- 6 || total
-------------------------+-------+-------++-------
Melee: War axe           |   101 |    68 ||   169
  Use: Scroll            |     6 |       ||     6
       Potion            |       |     1 ||     1
Armor: Scale mail        |    44 |       ||    44
       Plate armour      |    43 |    76 ||   119
Dodge: Dodged            |    53 |    25 ||    78
Block: Buckler           |    25 |    24 ||    49
